 Dungeon Crawl Stone Soup version 0.19-a0-1792-g28b16ba (webtiles) character file.

441 TheGoonsmith the Reanimator (level 6, -7/41 HPs)
             Began as a Demonspawn Necromancer on Oct 4, 2016.
             Mangled by an ogre
             ... wielding a +0 giant club
              (8 damage)
             ... on level 5 of the Dungeon.
             The game lasted 00:06:49 (4470 turns).

TheGoonsmith the Reanimator (DsNe)                  Turns: 4470, Time: 00:06:50

Health: -7/41      AC:  5    Str:  9    XL:     6   Next: 71%
Magic:  8/11       EV: 12    Int: 18    God:
Gold:   252        SH:  0    Dex: 13    Spells: 3 memorised, 4 levels left

rFire  . . .     SeeInvis .     v - +0 great mace
rCold  . . .     Gourm    .     a - +0 robe
rNeg   . . .     Faith    .     (shield currently unavailable)
rPois  .         Spirit   .     (no helmet)
rElec  .         Dismiss  .     (no cloak)
rCorr  .         Reflect  .     (no gloves)
MR     .....     Harm     .     y - +2 pair of boots
Stlth  ++........               (no amulet)
                                (no ring)
                                (no ring)

@: slowed, very slow
A: claws 1, demonic guardian 2
a: no special abilities


You were on level 5 of the Dungeon.
You were not hungry.

You visited 1 branch of the dungeon, and saw 5 of its levels.

You collected 252 gold pieces.

Inventory:

Hand Weapons
 e - a +0 dagger
 v - a +0 great mace (weapon)
Armour
 a - a +0 robe (worn)
 k - a +1 buckler
 n - a +0 ring mail
 y - a +2 pair of boots (worn)
Wands
 h - a wand of iceblast (4/15)
 x - a wand of iceblast (4/15)
Scrolls
 f - a scroll of recharging
 l - 2 scrolls of fear
 m - 2 scrolls of amnesia
 q - 3 scrolls of remove curse
 r - 2 scrolls of identify
Potions
 i - a potion of haste
 j - a potion of lignification
 w - a potion of agility
Books
 b - a book of Necromancy

   Spells                             Type                      Level
   a - Pain                           Necromancy                   1
   b - Animate Skeleton               Necromancy                   1
   c - Vampiric Draining              Necromancy                   3
   d - Regeneration                   Charms/Necromancy            3
   e - Animate Dead                   Necromancy                   4
   f - Control Undead                 Necromancy                   4
 g - a book of Cantrips

   Spells                             Type                      Level
   a - Confusing Touch                Hexes                        1
   b - Animate Skeleton               Necromancy                   1
   c - Summon Small Mammal            Summoning                    1
   d - Apportation                    Translocation                1
 p - a book of Maledictions

   Spells                             Type                      Level
   a - Corona                         Hexes                        1
   b - Ensorcelled Hibernation        Hexes/Ice                    2
   c - Confuse                        Hexes                        3
   d - Tukima's Dance                 Hexes                        3
   e - Dazzling Spray                 Conjuration/Hexes            3
Comestibles
 c - 4 bread rations
 d - a beef jerky
 o - 7 fruits
 s - 3 chunks of flesh
 t - a meat ration


   Skills:
 - Level 1.7 Dodging
 - Level 1.7 Stealth
 + Level 3.7 Spellcasting
 * Level 8.0 Necromancy


You had 4 spell levels left.
You knew the following spells:

 Your Spells              Type           Power        Failure   Level  Hunger
a - Pain                  Necr           ####         1%          1    None
b - Control Undead        Necr           ####......   8%          4    ####...
s - Vampiric Draining     Necr           ####......   1%          3    ###....


Dungeon Overview and Level Annotations

Branches:
Dungeon (5/15)
 Temple: D:4-7

Altars:


Innate Abilities, Weirdness & Mutations

You have sharp fingernails.
A demonic guardian rushes to your aid.


Message History

Your Necromancy skill increases to level 8!
A hound comes into view.
Casting: Pain
Confirm with . or Enter, or press ? or * to list all spells.
Aiming: Pain
Press: ? - help, Shift-Dir - straight line, f - ogre
Aim: an ogre, wielding a giant club (chance to defeat MR: 84%)
The ogre barely resists.
Your soul eater barely misses the ogre.
You barely miss the ogre. The ogre hits you with a giant club!
* * * LOW HITPOINT WARNING * * *
The hound barely misses your soul eater.
Your soul eater hits the ogre.
Your soul eater drains the ogre!
The ogre barely misses you.
The hound bites your soul eater but does no damage.
Your soul eater hits the ogre.
The hound barely misses your soul eater.
Okay, then.
The hound barely misses your soul eater.
Your soul eater hits the ogre.
The ogre hits you with a giant club!
You die...

... #.# ###........###
..##.# #........### ..#.#
# #.......)...
######.#.#.# #........###
.........#.# #........#
........... ########.###
.........# #...#
......3O(##############.#
....(..#@.............:.#
...)...##################
....... ....... .......
######. #.


You could see an ogre and a friendly soul eater.

Vanquished Creatures
  2 scorpions (D:4)
  2 howler monkeys
  An orc wizard (D:3)
  A worker ant (D:4)
  6 adders
  2 oozes
  2 adder skeletons (D:4)
  3 dart slugs
  2 leopard geckos
  4 orcs
  6 giant cockroaches
  5 hobgoblins (D:1)
  6 jackals
  5 quokkas
  A ball python (D:1)
  5 bats
  6 frilled lizards
  6 goblins
  6 kobolds
  5 rats
76 creatures vanquished.

Vanquished Creatures (collateral kills)
  A centaur (D:5)
1 creature vanquished.

Grand Total: 77 creatures vanquished

Notes
Turn   | Place    | Note
-------+----------+-------------------------------------------
     0 | D:1      | TheGoonsmith the Demonspawn Necromancer began the quest for the Orb.
     0 | D:1      | Reached XP level 1. HP: 13/13 MP: 3/3
   597 | D:1      | Gained mutation: A weak demonic guardian rushes to your aid. [demonic ancestry]
   597 | D:1      | Reached XP level 2. HP: 19/19 MP: 3/5
   878 | D:1      | Reached skill level 5 in Necromancy
  1480 | D:2      | Reached XP level 3. HP: 20/24 MP: 0/6
  2240 | D:3      | Gained mutation: You have sharp fingernails. [demonic ancestry]
  2240 | D:3      | Reached XP level 4. HP: 11/30 MP: 0/7
  2639 | D:3      | Reached skill level 6 in Necromancy
  3238 | D:4      | Learned a level 3 spell: Vampiric Draining
  3243 | D:4      | Learned a level 4 spell: Control Undead
  3452 | D:4      | Reached XP level 5. HP: 24/35 MP: 4/9
  3822 | D:4      | Reached skill level 7 in Necromancy
  3989 | D:4      | Gained mutation: A demonic guardian rushes to your aid. [demonic ancestry]
  3989 | D:4      | Reached XP level 6. HP: 38/41 MP: 6/11
  4278 | D:5      | Entered Level 5 of the Dungeon
  4467 | D:5      | Reached skill level 8 in Necromancy
  4469 | D:5      | HP: 1/41 [ogre/giant club (14)]
  4470 | D:5      | Mangled by an ogre

Vault maps used:
D:1:      minmay_arrival_checkered_box
D:3:      first_bread
D:5:      serial_shops, shop, minmay_misc_feat_square, kennysheep_nondescript

Skill      XL: |  1  2  3  4  5  6 |
---------------+-------------------+-----
Necromancy     | 5 6 7 8 |  8.0
Spellcasting   | 3 |  3.7
Dodging        | |  1.7
Stealth        | |  1.7

Action                   |  1- 3 |  4- 6 || total
-------------------------+-------+-------++-------
Melee: Unarmed           |    10 |       ||    10
       Dagger            |    23 |       ||    23
       Great mace        |       |    19 ||    19
 Cast: Pain              |    72 |    85 ||   157
  Use: Potion            |     1 |       ||     1
       Scroll            |       |    14 ||    14
  Eat: Chunk             |     5 |     7 ||    12
Armor: Robe              |     4 |     4 ||     8
       Ring mail         |    14 |     7 ||    21
Dodge: Dodged            |    29 |    19 ||    48
